 Dungeon Crawl Stone Soup version 0.20-a0-351-gc9b4002 (webtiles) character file.

5656 4thArraOfDagon the Grappler (level 10, 0/91 HPs)
             Began as a Troll Wanderer on Dec 25, 2016.
             Was a Believer of the Shining One.
             Shot with an arrow by a centaur (9 damage)
             ... on level 15 of the Dungeon.
             The game lasted 00:14:29 (3028 turns).

4thArraOfDagon the Grappler (Troll Wanderer)        Turns: 3028, Time: 00:14:30

Health: 0/91       AC:  7    Str: 25 (27) XL:     10   Next: 46%
Magic:  11/11      EV: 16    Int: 13 (16) God:    the Shining One [**....]
Gold:   187        SH:  0    Dex: 12 (14) Spells: 6/12 levels left

rFire  x . .     SeeInvis .       - Unarmed
rCold  + . .     Gourm    +     x - +2 robe {MR+}
rNeg   + . .     Faith    .     (no shield)
rPois  .         Spirit   .     (helmet restricted)
rElec  .         Reflect  .     (no cloak)
rCorr  .         Harm     .     (gloves unavailable)
MR     +++..                    (boots unavailable)
Stlth  +.........               (no amulet)
                                B - ring of protection from magic
                                K - ring of ice

@: mighty, brilliant, agile, exhausted, slowed, glowing, very slow
A: unfitting armour, claws 3, fast metabolism 3, gourmand, magic resistance 1,
regeneration 1, shaggy fur 1, tough skin 2
a: Divine Shield, Renounce Religion


You were on level 15 of the Dungeon.
You worshipped the Shining One.
The Shining One was pleased with you.
You were very full.

You visited 2 branches of the dungeon, and saw 14 of its levels.

You collected 330 gold pieces.
You spent 143 gold pieces at shops.

Inventory:

Missiles
 D - 4 large rocks (quivered)
Armour
 d - a +0 robe
 n - a +1 robe of magic resistance
 x - a +2 robe of magic resistance (worn)
Jewellery
 k - an uncursed ring of protection from fire
 B - a ring of protection from magic (right claw)
 K - a ring of ice (left claw)
Wands
 g - a wand of flame (27/48)
 m - a wand of flame (9/48)
 A - a wand of lightning (10/15)
 E - a wand of iceblast (9/15)
Scrolls
 a - 9 scrolls of identify {unknown}
 e - 5 scrolls of remove curse {unknown}
 h - 6 scrolls of magic mapping {unknown}
 o - a scroll of recharging {unknown}
 q - 2 scrolls of blinking {unknown}
 s - a scroll of immolation {unknown}
 t - 2 scrolls of fog {unknown}
 u - a scroll of enchant armour {unknown}
 w - a scroll of torment {unknown}
 I - a scroll of random uselessness {unknown}
Potions
 l - 2 potions of lignification
 r - a potion of agility
Books
 p - a book of Misfortune

   Spells                             Type                      Level
   a - Confusing Touch                Hexes                        1
   b - Confuse                        Hexes                        3
   c - Gell's Gravitas                Hexes/Translocation          3
   d - Petrify                        Transmutation/Earth          4
   e - Metabolic Englaciation         Hexes/Ice                    5
   f - Yara's Violent Unravelling     Hexes/Transmutation          5
 H - a book of Transfigurations

   Spells                             Type                      Level
   a - Irradiate                      Conjuration/Transmutation    5
   b - Statue Form                    Transmutation/Earth          6
   c - Hydra Form                     Transmutation                6
   d - Dragon Form                    Transmutation                7
Miscellaneous
 J - a phantom mirror
Comestibles
 f - 8 bread rations
 j - 2 meat rations


   Skills:
 - Level 3.0 Fighting
   Level 1.7 Maces & Flails
 - Level 1.7 Throwing
 - Level 4.0 Dodging
 - Level 12.2 Unarmed Combat
 + Level 1.7 Spellcasting
 * Level 3.2 Transmutations
 * Level 3.8 Earth Magic
 - Level 2.6 Invocations


You had 6 spell levels left.
You knew the following spells:

 Your Spells              Type           Power        Failure   Level  Hunger
a - Statue Form           Tmut/Erth      ###......    88%         6    #######


Dungeon Overview and Level Annotations

Branches:
Dungeon (13/15)            Temple (1/1) D:6            Lair (0/6) D:9
    Orc (0/2) D:9
 Vaults: D:13-14

Altars:
Dithmenos
Elyvilon
Fedhas
Gozag
Hepliaklqana
Kikubaaqudgha
Makhleb
Nemelex Xobeh
Okawaru
Qazlal
Ru
Sif Muna
Trog
Uskayaw
Vehumet
Yredelemnul
Zin
The Shining One

Shops:
D:8 *

Annotations:
D:3 Protee's ghost, amateur NaEn


Innate Abilities, Weirdness & Mutations

You are too large for most types of armour.
You have claws for hands.
Your metabolism is lightning-fast.
You like to eat raw meat.
Your natural rate of healing is unusually fast.
You are covered in fur. (AC +1)
You have very tough skin. (AC +2)
You are resistant to hostile enchantments. (MR+)


Message History

Unknown command.
As you read the scroll of fear, it crumbles to dust.
You assume a fearsome visage.
The centaur looks frightened! x2
The centaur shouts!
A centaur comes into view.
Unknown command.
As you read the scroll of teleportation, it crumbles to dust.
You feel strangely unstable.
The centaur shouts!
The centaur wields a shortbow.
The centaur shoots an arrow.
The arrow closely misses you.
A centaur comes into view.
Unknown command.
As you read the scroll of fear, it crumbles to dust.
You assume a fearsome visage.
The centaur resists with some effort.
The centaur looks frightened!
Your surroundings suddenly seem different.
The centaur shouts!
The centaur wields a shortbow.
The centaur shoots an arrow.
The arrow hits you!
You die... . c.u

.......##########
...c.....@.......
..................
..................
######..................
.............###########
.............
....(.......
######...### ..#


You could see a cyan ugly thing (wandering) and 2 centaurs.

Vanquished Creatures
  A centaur warrior (D:13)
  Pikel (D:8)
  The ghost of Ijustatesigmund the Cleaver, a novice HOMo (D:4)
  2 centaur skeletons (D:13)
  A meliai (D:15)
  A hippogriff (D:8)
  A wyvern (D:9)
  A hungry ghost (D:12)
  2 vampire mosquitoes (D:13)
  Duvessa (D:7)
  An orc warrior (D:7)
  An ice beast (D:8)
  A hornet zombie (D:6)
  2 phantoms (D:6)
  A sky beast (D:7)
  2 black bears
  3 ogres
  3 centaurs
  A big kobold (D:13)
  A bullfrog (D:6)
  A water moccasin zombie (D:6)
  Dowan (D:7)
  2 scorpions
  5 killer bees (D:7)
  A howler monkey (D:5)
  7 crimson imps
  A bullfrog skeleton (D:4)
  3 orc wizards (D:6)
  3 orc priests
  A hound (D:4)
  A gnoll shaman (D:4)
  2 iguanas
  3 worker ants
  A hound skeleton (D:6)
  A worker ant zombie (D:7)
  7 gnolls
  6 adders
  A shadow imp (D:5)
  A worm (D:2)
  2 dart slugs
  A leopard gecko (D:5)
  12 orcs
  2 giant cockroaches
  3 goblins
  3 hobgoblins
  4 jackals
  4 kobolds
  3 quokkas
  3 ball pythons
  A bat (D:1)
  2 leopard gecko skeletons
  A rat (D:2)
117 creatures vanquished.

Notes
Turn   | Place    | Note
-------+----------+-------------------------------------------
     0 | D:1      | 4thArraOfDagon the Troll Wanderer began the quest for the Orb.
     0 | D:1      | 4thArraOfDagon set off with: a +2 mace, a scroll of teleportation, a potion of curing, a +0 robe, 2 bread rations
     0 | D:1      | Reached XP level 1. HP: 19/19 MP: 0/0
   227 | D:2      | Reached XP level 2. HP: 23/27 MP: 1/1
   433 | D:2      | Reached skill level 2 in Unarmed Combat
   473 | D:4      | Noticed a wyvern
   491 | D:3      | Noticed Protee's ghost (amateur NaEn)
   494 | D:3      | Noticed a sky beast
   505 | D:3      | You fall through a shaft for 2 floors!
   505 | D:5      | Entered Level 5 of the Dungeon
   505 | D:5      | Noticed a crimson imp
   505 | D:5      | Noticed a crimson imp
   528 | D:5      | Killed a crimson imp
   528 | D:5      | Reached skill level 3 in Unarmed Combat
   528 | D:5      | Reached XP level 3. HP: 31/33 MP: 2/2
   550 | D:5      | Reached XP level 4. HP: 26/41 MP: 3/3
   579 | D:5      | Reached skill level 4 in Unarmed Combat
   626 | D:6      | Reached XP level 5. HP: 37/48 MP: 4/4
   630 | D:6      | Noticed a phantom
   648 | D:6      | Found a staircase to the Ecumenical Temple.
   656 | Temple   | Entered the Ecumenical Temple
   758 | Temple   | Became a worshipper of the Shining One
   802 | D:6      | Reached skill level 5 in Unarmed Combat
   859 | D:7      | Noticed an ogre
   865 | D:7      | Killed an ogre
   865 | D:7      | Reached XP level 6. HP: 55/55 MP: 5/5
   885 | D:7      | Noticed an orc warrior
   922 | D:6      | Reached skill level 6 in Unarmed Combat
  1036 | D:6      | Reached skill level 7 in Unarmed Combat
  1047 | D:6      | Reached XP level 7. HP: 26/62 MP: 6/6
  1096 | D:6      | Reached skill level 8 in Unarmed Combat
  1135 | D:7      | Noticed a hippogriff
  1365 | D:4      | Noticed Ijustatesigmund's ghost (novice HOMo)
  1365 | D:4      | Reached * piety under the Shining One
  1427 | D:4      | Found a deep blue altar of Sif Muna.
  1427 | D:4      | Found an ancient bone altar of Kikubaaqudgha.
  1501 | D:4      | Killed Ijustatesigmund's ghost
  1501 | D:4      | Reached skill level 9 in Unarmed Combat
  1501 | D:4      | Reached XP level 8. HP: 41/70 MP: 7/7
  1598 | D:5      | Reached skill level 10 in Unarmed Combat
  1654 | D:5      | Found a white marble altar of Elyvilon.
  1938 | D:6      | Reached ** piety under the Shining One
  2011 | D:7      | Reached skill level 11 in Unarmed Combat
  2120 | D:7      | Noticed Duvessa
  2120 | D:7      | Noticed Dowan
  2141 | D:7      | Killed Dowan
  2153 | D:7      | Killed Duvessa
  2153 | D:7      | Reached XP level 9. HP: 19/76 MP: 8/8
  2235 | D:8      | Reached skill level 1 in Invocations
  2244 | D:8      | Found Bocze's Assorted Antiques.
  2249 | D:8      | Bought a scroll labeled GAL FEISYGULILUN for 31 gold pieces
  2249 | D:8      | Bought a viscous ruby potion for 27 gold pieces
  2249 | D:8      | Bought a viscous coppery potion for 27 gold pieces
  2249 | D:8      | Bought a viscous coppery potion for 27 gold pieces
  2249 | D:8      | Bought a scroll labeled VEGAPH ONETY for 31 gold pieces
  2403 | D:8      | Noticed Pikel
  2409 | D:8      | Killed Pikel
  2409 | D:8      | Reached skill level 12 in Unarmed Combat
  2581 | D:8      | Learned a level 6 spell: Statue Form
  2616 | D:9      | Found a staircase to the Lair.
  2634 | D:9      | Reached skill level 1 in Earth Magic
  2697 | D:9      | Found a staircase to the Orcish Mines.
  2708 | D:9      | Reached skill level 1 in Transmutations
  2779 | D:9      | You fall through a shaft for 3 floors!
  2828 | D:12     | Reached XP level 10. HP: 84/91 MP: 10/10
  2886 | D:13     | Reached skill level 1 in Spellcasting
  2918 | D:13     | Noticed a centaur warrior
  2934 | D:13     | Killed a centaur warrior
  2975 | D:13     | You fall through a shaft for 2 floors!
  2975 | D:15     | Entered Level 15 of the Dungeon
  3008 | D:15     | HP: 4/136 [meliai/war axe (4)]
  3017 | D:15     | Gained mutation: You are resistant to hostile enchantments. (MR+) [potion of beneficial mutation]
  3023 | D:15     | Noticed a death knight
  3028 | D:15     | Shot with an arrow by a centaur

Vault maps used:
D:1:      dpeg_arrival_round_c, minmay_pentomino_r2
D:2:      uniq_terence
D:3:      kennysheep_slug_shrine, first_bread
D:4:      tgw_xom, chequers_temple_overflow_statue_of_worship
D:5:      elyvilon_altar_5
D:7:      nicolae_ashenzari_panopticon, uniq_duvessa
D:8:      serial_shops, shop, uniq_pikel
D:9:      lair_entry_dummy, orc_0_dummy
D:11:     minmay_glassy_protrusions
D:12:     serial_corexii_hall, corexii_hall_statues_l, corexii_hall_statues_i,
          corexii_hall_statues_deadend
D:13:     grunt_vaults_entry_tiered
D:15:     grunt_enter_depths_magical_seal, nrook_mini_backslash, uniq_urug
Temple:   regret_index_temple_waves

Skill      XL: |  1  2  3  4  5  6  7  8  9 10 |
---------------+-------------------------------+-----
Dodging        | 2 3 4 |  4.0
Unarmed Combat | 3 4 5 7 9 11 12 | 12.2
Fighting       | 3 |  3.0
Invocations    | 2 |  2.6
Earth Magic    | 1 3 |  3.8
Transmutations | 1 3 |  3.2
Spellcasting   | 1 |  1.7
Maces & Flails | |  1.7
Throwing       | |  1.7

Action                   |  1- 3 |  4- 6 |  7- 9 | 10-12 || total
-------------------------+-------+-------+-------+-------++-------
Melee: Unarmed           |    51 |    63 |   229 |    35 ||   378
       Mace              |     1 |       |       |       ||     1
       Punch             |     1 |       |     6 |     3 ||    10
Invok: Divine Shield     |       |       |     2 |     2 ||     4
Evoke: Wand              |       |     6 |       |       ||     6
  Use: Potion            |     1 |     1 |       |    11 ||    13
       Scroll            |       |       |       |     7 ||     7
  Eat: Chunk             |    10 |     2 |    17 |     1 ||    30
       Beef jerky        |       |     1 |     1 |       ||     2
Armor: Robe              |    27 |    15 |    46 |    12 ||   100
       Skin              |       |       |       |    22 ||    22
Dodge: Dodged            |    21 |    30 |    89 |    20 ||   160
Block: Other             |       |       |     7 |     3 ||    10
